 Dungeon Crawl Stone Soup version 0.29.1-12-g30fa7ad0bf (webtiles) character file.

Game seed: 7813724682186999776

49 Gabide the Trooper (level 4, -10/37 HPs)
             Began as a Formicid Berserker on Dec 19, 2022.
             Was a Believer of Trog.
             Killed by divine providence
             ... invoked by an orc priest
              (12 damage)
             ... on level 2 of the Dungeon.
             The game lasted 00:01:57 (1301 turns).

Gabide the Trooper (Formicid Berserker)             Turns: 1301, Time: 00:01:58

Health: -10/37     AC:  8    Str: 24    XL:     4   Next: 1%
Magic:  4/4        EV: 10    Int:  6    God:    Trog [**....]
Gold:   24         SH:  0    Dex: 13    Spells: 3/3 levels left

rFire   . . .      SeeInvis +   a - +0 flail
rCold   . . .      Faith    .   (no shield)
rNeg    . . .      Spirit   .   f - +0 scale mail
rPois   .          Reflect  .   (helmet unavailable)
rElec   .          Harm     .   b - +0 cloak
rCorr   .          Rampage  .   (no gloves)
Will    .....                   d - +0 pair of boots
Stlth   ..........              (no amulet)
HPRegen 0.12/turn               (no ring)
MPRegen 0.09/turn               (no ring)

@: no status effects
A: permanent stasis, dig shafts and tunnels, antennae 3, four strong arms
a: Dig, Shaft Self, Renounce Religion, Trog's Hand


You were on level 2 of the Dungeon.
You worshipped Trog.
Trog was pleased with you.
You visited 1 branch of the dungeon, and saw 2 of its levels.

You collected 24 gold pieces.

Inventory:

Hand Weapons
 a - a +0 flail (weapon)
Missiles
 e - 3 javelins (quivered)
Armour
 b - a +0 cloak (worn)
 d - a +0 pair of boots (worn)
 f - a +0 scale mail (worn)
Jewellery
 c - a ring of fire
Scrolls
 g - a scroll of vulnerability {unknown}
 h - 2 scrolls of fear {unknown}
 j - a scroll of blinking {unknown}
Potions
 i - a potion of lignification {unknown}
 k - a potion of attraction {unknown}
 l - a potion of degeneration {unknown}
 m - a potion of haste {unknown}


   Skills:
 * Level 4.0 Fighting
 * Level 3.7 Maces & Flails
 - Level 2.1 Armour
 + Level 2.2 Dodging


You had 3 spell levels left.
You didn't know any spells.
Your spell library was empty.

Dungeon Overview and Level Annotations

Branches:
Dungeon (2/15)

Altars:


Innate Abilities, Weirdness & Mutations

You cannot be hasted, slowed, berserked, paralysed or teleported.
You can dig through walls and to a lower floor.
You have a pair of large antennae on your head. (SInv)
Your four strong arms can wield two-handed weapons with a shield.


Message History

The orc wizard casts a spell at you.
You are confused.
The orc moves out of view.
Okay, then.
Unknown command.
An orc priest comes into view. It is wielding a +0 club.
Found 8 gold pieces.
The orc priest shouts!
The orc priest calls down the wrath of Beogh upon you.
Beogh smites you! The orc priest barely misses you.
You bump into the rock wall.
The orc priest hits you but does no damage.
The orc wizard gestures at you while chanting.
You are more confused.
The orc hits you but does no damage. The orc priest barely misses you.
The orc priest calls down the wrath of Beogh upon you.
Beogh smites you!
* * * LOW HITPOINT WARNING * * *
Okay, then.
You are too confused!
You bump into the rock wall.
The orc priest misses you.
You bump into the rock wall.
The orc priest looks satisfied for a moment.
The orc priest closely misses you.
You closely miss the orc priest.
The orc priest looks braver for a moment.
The orc wizard mumbles some strange words.
The orc wizard flickers and vanishes for a moment.
You thump the orc priest!
The orc priest is severely wounded.
The orc priest calls down the wrath of Beogh upon you.
Beogh smites you!
* * * LOW HITPOINT WARNING * * *
The orc priest hits you but does no damage.
You feel less confused.
The orc priest mumbles some strange prayers to Beogh against you.
Beogh smites you!
You die...

#
##..##..8##'#######
. #.##...###.#
..#8..##...#
...#.<. ##..# ...
#8..# #..#
##...##..# #..8#.>#
#.....#######
##8#.@#.....#
####.#.....#
#o#.....#
###o#{...$# {
#..o..oo..#
#..o..o...#
#.....##### #.....#
#.....#


You could see an orc priest, an orc wizard (invisible) and 2 orcs.

Vanquished Creatures
  A gnoll (D:1)
  7 endoplasms
  4 giant cockroaches
  4 hobgoblins
  2 quokkas
  5 ball pythons
  A bat (D:1)
  3 frilled lizards
  3 goblins (D:1)
  A kobold (D:2)
  5 rats
36 creatures vanquished.

Notes
Turn   | Place    | Note
-------+----------+-------------------------------------------
     0 | D:1      | Gabide the Formicid Berserker began the quest for the Orb.
     0 | D:1      | Reached XP level 1. HP: 18/18 MP: 1/1
   202 | D:1      | Reached XP level 2. HP: 23/24 MP: 2/2
   693 | D:1      | Reached XP level 3. HP: 30/30 MP: 3/3
   909 | D:1      | Reached skill level 4 in Fighting
  1195 | D:2      | Reached ** piety under Trog
  1275 | D:2      | Reached XP level 4. HP: 37/37 MP: 4/4
  1301 | D:2      | Killed from afar by an orc priest

Illustrated notes

Levels and vault maps discovered:
D:1:      dpeg_arrival_snail, layout_loops_ring, minmay_heptomino_o4
D:2:      layout_basic, grunt_ministairs_8, uniq_natasha

Skill      XL: |  1  2  3 |
---------------+----------+-----
Dodging        | 2 |  2.2
Fighting       | 4 |  4.0
Maces & Flails | |  3.7
Armour         | |  2.1

Action                   |  1- 3 |  4- 6 || total
-------------------------+-------+-------++-------
Melee: Mace              |    69 |       ||    69
       Punch             |     1 |       ||     1
       Flail             |    25 |     2 ||    27
 Fire: Sling             |     4 |       ||     4
Throw: Boomerang         |    10 |       ||    10
       Javelin           |     3 |       ||     3
Armor: Scale mail        |    45 |     3 ||    48
Dodge: Dodged            |    56 |     4 ||    60
